[Event "Titled Tuesday Blitz May 23 Early 2023"]
[White "Herzog2012"]
[Black "Santos Flores, Alberto"]
[BlackFideId "3601234"]
[WhiteElo "2362"]
[BlackElo "2235"]
[Result "1-0"]
[Round "07"]
[TimeControl "180+2"]
[Date "2023.05.23"]
[WhiteClock "0:00:25"]
[BlackClock "0:01:21"]

1. e4 c5 2. Nf3 Nc6 3. d4 cxd4 4. Nxd4 g6 5. Nc3 Bg7 6. Nb3 Bxc3+ 7. bxc3 Nf6 8. Bd3 d5 9. exd5 Qxd5 10. O-O O-O 11. c4 Qd8 12. Bb2 b6 13. Re1 Bb7 14. c5 Nb4 15. cxb6 Nxd3 16. Qxd3 Qxd3 17. cxd3 Nd5 18. Nc5 Bc6 19. b7 Rab8 20. Be5 Rbd8 21. Rab1 Nb6 22. b8=Q Rxb8 23. Bxb8 Rxb8 24. Rxe7 Rd8 25. Rxa7 Nd5 26. h4 Nf4 27. f3 Rd5 28. Ne4 Rxd3 29. Ng5 Bd5 30. Rb4 Rd1+ 31. Kh2 Nh5 32. Rb8+ Kg7 33. Rd8 Nf4 34. Rxf7+ Bxf7 35. Rxd1 Bxa2 36. Rd7+ Kg8 37. Nxh7 Nh5 38. g4 Nf4 39. Nf6+ Kf8 40. h5 gxh5 41. gxh5 Be6 42. Ra7 Bf7 43. h6 Ng6 44. Nh7+ Kg8 45. Ng5 Bd5 46. Rd7 1-0


[Site "https://www.chess.com"]

[Event "Titled Tuesday Blitz May 23 Early 2023"]
[White "Baches Garcia, Guillermo"]
[Black "Avalos Parra, Joao"]
[WhiteFideId "2209764"]
[BlackFideId "3402541"]
[WhiteElo "2508"]
[BlackElo "2173"]
[Result "1-0"]
[Round "07"]
[TimeControl "180+2"]
[Date "2023.05.23"]
[WhiteClock "0:00:07"]
[BlackClock "0:00:05"]

1. e4 e5 2. Nf3 Nc6 3. Nc3 Nf6 4. d4 exd4 5. Nxd4 Bb4 6. Nxc6 bxc6 7. Bd3 d5 8. Bd2 O-O 9. O-O Rb8 10. Re1 Bg4 11. Qc1 Re8 12. e5 Nd7 13. f4 f6 14. h3 fxe5 15. hxg4 Bc5+ 16. Be3 d4 17. Ne4 dxe3 18. Nxc5 Nxc5 19. Bc4+ Kh8 20. Qxe3 Na4 21. fxe5 Nb6 22. Bf7 Re7 23. Rad1 Nd5 24. Qf3 Qd7 25. e6 Qd6 26. c4 Qc5+ 27. Kh1 Nf6 28. b3 h6 29. Qe3 Qb4 30. g5 Ng4 31. Qf4 h5 32. g6 Nf6 33. Qg5 Qc3 34. Rf1 Qg3 35. Qxg3 Rf8 36. Rxf6 1-0


[Site "https://www.chess.com"]

[Event "Titled Tuesday Blitz May 23 Early 2023"]
[White "Todorovic, Bojan"]
[Black "Chan, Luis"]
[WhiteFideId "917087"]
[BlackFideId "3216357"]
[WhiteElo "2266"]
[BlackElo "2127"]
[Result "0-1"]
[Round "07"]
[TimeControl "180+2"]
[Date "2023.05.23"]
[WhiteClock "0:00:00"]
[BlackClock "0:00:09"]

1. d4 d6 2. Nf3 Nf6 3. c4 g6 4. Nc3 Bf5 5. h3 h5 6. Nh4 Bd7 7. e4 Nc6 8. Nf3 e5 9. d5 Ne7 10. Be3 Bg7 11. Be2 a6 12. c5 b5 13. Qc2 b4 14. Nb1 a5 15. Nbd2 O-O 16. Nc4 Bb5 17. a4 Ba6 18. O-O Ne8 19. Rfe1 f5 20. Ng5 Bc8 21. cxd6 Nxd6 22. Nxd6 cxd6 23. f3 f4 24. Bf2 Bf6 25. Ne6 Bxe6 26. dxe6 Qc8 27. Qb3 Qb7 28. Red1 Rfd8 29. Rac1 Kg7 30. Bb5 Rac8 31. Bd7 Rc7 32. Rxc7 Qxc7 33. Qd3 g5 34. Qxd6 Qc2 35. Rd2 Qc1+ 36. Kh2 g4 37. fxg4 hxg4 38. hxg4 Rh8+ 0-1


[Site "https://www.chess.com"]

[Event "Titled Tuesday Blitz May 23 Early 2023"]
[White "Martic, Ivan"]
[Black "Fajdetic, Hrvoje"]
[WhiteFideId "929301"]
[BlackFideId "14501945"]
[WhiteElo "2360"]
[BlackElo "2185"]
[Result "1-0"]
[Round "07"]
[TimeControl "180+2"]
[Date "2023.05.23"]
[WhiteClock "0:00:36"]
[BlackClock "0:00:09"]

1. d4 f5 2. Bf4 b6 3. e3 Bb7 4. Nf3 Nf6 5. h3 e6 6. a3 Bd6 7. c4 Bxf4 8. exf4 a5 9. Nc3 O-O 10. Be2 Ne4 11. Rc1 Nc6 12. O-O Ne7 13. Re1 h6 14. Bd3 Nxc3 15. Rxc3 Ng6 16. g3 Ra7 17. h4 Qa8 18. Ne5 Nxe5 19. Rxe5 Bf3 20. Qe1 Rf6 21. d5 c6 22. dxe6 dxe6 23. Rxe6 Rxe6 24. Qxe6+ Kf8 25. Bxf5 c5 26. Re3 Bh1 27. f3 Bxf3 28. Bg6 Bh1 29. Qe8+ 1-0


[Site "https://www.chess.com"]

[Event "Titled Tuesday Blitz May 23 Early 2023"]
[White "Berezin, Viktor"]
[Black "Estremera Panos, Sergio"]
[WhiteFideId "14107872"]
[BlackFideId "2200864"]
[WhiteElo "2310"]
[BlackElo "2253"]
[Result "1-0"]
[Round "07"]
[TimeControl "180+2"]
[Date "2023.05.23"]
[WhiteClock "0:01:41"]
[BlackClock "0:00:37"]

1. d4 d5 2. c4 e6 3. Nf3 Nf6 4. g3 Bb4+ 5. Nbd2 O-O 6. Bg2 dxc4 7. Qc2 b5 8. O-O a5 9. Ne5 Ra7 10. a4 Qxd4 11. Ndf3 Qb6 12. axb5 Qxb5 13. Nxc4 Ba6 14. b3 Nbd7 15. Nd4 Qc5 16. Nc6 Bxc4 17. bxc4 Ra6 18. Nxb4 Qxb4 19. Ba3 Qb6 20. c5 Qb5 21. Rab1 1-0


[Site "https://www.chess.com"]

[Event "Titled Tuesday Blitz May 23 Early 2023"]
[White "ChawitAp"]
[Black "Sliwicki, Damian"]
[BlackFideId "1127128"]
[WhiteElo "2283"]
[BlackElo "2030"]
[Result "0-1"]
[Round "07"]
[TimeControl "180+2"]
[Date "2023.05.23"]
[WhiteClock "0:00:08"]
[BlackClock "0:00:08"]

1. d4 Nf6 2. Nf3 g6 3. c3 Bg7 4. Bg5 O-O 5. Nbd2 d5 6. h4 Ne4 7. Nxe4 dxe4 8. Nd2 Qd5 9. e3 e5 10. Bc4 Qc6 11. h5 exd4 12. cxd4 Be6 13. Bxe6 Qxe6 14. Qc2 Re8 15. Qxc7 Nc6 16. a3 Rac8 17. Qf4 f6 18. Bh6 g5 19. Bxg5 fxg5 20. Qxg5 h6 21. Qg3 Ne7 22. Qf4 Rc2 23. Nxe4 Nd5 24. Qg3 Qxe4 25. Rh4 Qd3 26. Qf3 Nxe3 27. Rh3 Qd2# 0-1


[Site "https://www.chess.com"]

[Event "Titled Tuesday Blitz May 23 Early 2023"]
[White "Zaichenko, Daria"]
[Black "Tokman, Ariel"]
[WhiteFideId "4197453"]
[BlackFideId "117420"]
[WhiteElo "2039"]
[BlackElo "2263"]
[Result "0-1"]
[Round "07"]
[TimeControl "180+2"]
[Date "2023.05.23"]
[WhiteClock "0:00:02"]
[BlackClock "0:00:06"]

1. e4 d6 2. d4 Nf6 3. Nc3 Nbd7 4. f4 e5 5. Nf3 exd4 6. Nxd4 g6 7. Bc4 Bg7 8. O-O O-O 9. Kh1 Nb6 10. Bb3 c5 11. Ndb5 c4 12. Nxd6 cxb3 13. e5 bxc2 14. Qxc2 Ne8 15. Rd1 Nxd6 16. Rxd6 Qc7 17. Qb3 Be6 18. Qb4 Rfd8 19. Nb5 Rxd6 20. exd6 Qc4 21. Bd2 Qxb4 22. Bxb4 Rd8 23. Nxa7 Bxb2 24. Rd1 Bd7 25. Ba5 Re8 26. Bxb6 Re4 27. h3 Rxf4 28. Re1 Bf6 29. Rc1 Rb4 30. Nc8 Kg7 31. Be3 Re4 32. Bb6 Bxc8 33. Rxc8 Re1+ 34. Bg1 Rd1 35. Kh2 Be5+ 36. g3 Bxd6 37. Be3 Rd3 38. Re8 h5 39. h4 f6 40. Bf4 Bxf4 41. gxf4 Kf7 42. Rb8 Rd7 43. a4 Ke6 44. a5 Kf5 45. Kg3 Rd3+ 46. Kf2 Kxf4 47. Rxb7 Ra3 48. Ra7 Kg4 49. Ra6 g5 50. Rxf6 Kxh4 51. a6 Kg4 52. Rh6 Ra2+ 53. Ke3 h4 54. Kd4 h3 55. Kc3 Kg3 56. Kb4 g4 57. Kb5 Kg2 58. Rg6 g3 59. Rh6 h2 0-1


[Site "https://www.chess.com"]

[Event "Titled Tuesday Blitz May 23 Early 2023"]
[White "Tarasova, Viktoriya"]
[Black "Hua, Lefong"]
[WhiteFideId "4175840"]
[BlackFideId "2602253"]
[WhiteElo "2182"]
[BlackElo "2622"]
[Result "0-1"]
[Round "07"]
[TimeControl "180+2"]
[Date "2023.05.23"]
[WhiteClock "0:00:20"]
[BlackClock "0:01:41"]

1. d4 Nf6 2. c4 c5 3. d5 e6 4. Nc3 exd5 5. cxd5 d6 6. Nf3 g6 7. Bf4 a6 8. a4 Bg7 9. h3 O-O 10. e3 Qe7 11. Be2 Ne8 12. O-O Nd7 13. Nd2 Rb8 14. a5 Nc7 15. Nc4 Ne5 16. Nb6 Na8 17. Nxc8 Rfxc8 18. Bh2 Nc7 19. e4 b5 20. axb6 Rxb6 21. Ra2 Rcb8 22. Qc2 Nb5 23. Nxb5 axb5 24. f4 Nd7 25. Ra7 R6b7 26. Rfa1 c4 27. Rxb7 Rxb7 28. Kh1 Rb8 29. Ra7 Qe8 30. Bg4 Nc5 31. Bf3 Nd3 32. b3 Bd4 33. Ra6 Nf2+ 34. Kg1 Nxe4+ 35. Kf1 Nc5 36. Rxd6 cxb3 37. Qb1 Qe3 38. Bg3 Qg1+ 0-1


[Site "https://www.chess.com"]

[Event "Titled Tuesday Blitz May 23 Early 2023"]
[White "Arabidze, Meri"]
[Black "Sargissyan, Sargis"]
[WhiteFideId "13604040"]
[BlackFideId "13303210"]
[WhiteElo "2405"]
[BlackElo "2109"]
[Result "1/2-1/2"]
[Round "07"]
[TimeControl "180+2"]
[Date "2023.05.23"]
[WhiteClock "0:00:08"]
[BlackClock "0:00:12"]

1. Nf3 Nf6 2. g3 g6 3. Bg2 Bg7 4. O-O O-O 5. d4 d5 6. a4 c5 7. a5 cxd4 8. Nxd4 e5 9. Nb3 Be6 10. Nc5 Qc8 11. Nxe6 Qxe6 12. Nc3 e4 13. Nb5 Na6 14. Nd4 Qd7 15. c3 Nc5 16. Bf4 Ne6 17. Be3 Ng4 18. Nxe6 Qxe6 19. Bd4 Ne5 20. f4 exf3 21. exf3 Nc6 22. Bxg7 Kxg7 23. f4 Rad8 24. a6 b6 25. f5 Qe3+ 26. Kh1 f6 27. Qa4 Ne5 28. Rae1 Qc5 29. Qd4 g5 30. Rxe5 fxe5 31. Qxe5+ Rf6 32. h4 h6 33. g4 d4 34. cxd4 Rxd4 35. Qg3 gxh4 36. Qf3 Rd7 37. Qf4 Qd6 38. Qe3 Qg3 39. Qe8 Rc7 40. Bd5 Qh3+ 41. Kg1 Qg3+ 42. Kh1 Qh3+ 43. Kg1 Qg3+ 44. Kh1 1/2-1/2


[Site "https://www.chess.com"]

[Event "Titled Tuesday Blitz May 23 Early 2023"]
[White "Janaszak, Dawid"]
[Black "Ziatdinov, Raset"]
[WhiteFideId "1119206"]
[BlackFideId "2015323"]
[WhiteElo "2220"]
[BlackElo "2220"]
[Result "0-1"]
[Round "07"]
[TimeControl "180+2"]
[Date "2023.05.23"]
[WhiteClock "0:00:01"]
[BlackClock "0:00:07"]

1. e4 e6 2. b3 d5 3. Bb2 dxe4 4. Nc3 Nf6 5. Qe2 c5 6. O-O-O Nc6 7. Nxe4 Be7 8. Nf3 O-O 9. g4 Nxe4 10. Qxe4 Bf6 11. d4 cxd4 12. Bd3 g6 13. h4 Nb4 14. Nxd4 Nxd3+ 15. Rxd3 Qa5 16. Kb1 Bd7 17. h5 e5 18. Qxb7 Bxg4 19. Nc6 Qc5 20. hxg6 hxg6 21. Rd5 Qxf2 22. Nxe5 Bf5 23. Qc6 Bg7 24. Nd3 Qg2 25. Rc1 Bxb2 26. Kxb2 Bxd3 27. Qf6 Qxd5 28. Rh1 Qxh1 0-1


[Site "https://www.chess.com"]

[Event "Titled Tuesday Blitz May 23 Early 2023"]
[White "SereneSalmon"]
[Black "Makhmudov, Shukhrat"]
[BlackFideId "14200775"]
[WhiteElo "2511"]
[BlackElo "2135"]
[Result "0-1"]
[Round "07"]
[TimeControl "180+2"]
[Date "2023.05.23"]
[WhiteClock "0:01:32"]
[BlackClock "0:02:03"]

1. Nf3 d5 2. e3 c6 3. c4 Nf6 4. Nc3 e6 5. b3 Nbd7 6. Bb2 Bd6 7. Be2 Qe7 8. d4 dxc4 9. bxc4 e5 10. O-O O-O 11. Qc2 Re8 12. h3 e4 13. Nd2 Nf8 14. c5 Bc7 15. Rfe1 Ng6 16. Nf1 Nh4 17. Ng3 Bxg3 18. fxg3 Nf5 19. Kf2 Qc7 20. Bf1 Qxg3+ 21. Kg1 Nxe3 22. Qf2 Qxf2+ 23. Kxf2 Nc2 24. Red1 Nxa1 25. Bxa1 Nd5 0-1


[Site "https://www.chess.com"]

[Event "Titled Tuesday Blitz May 23 Early 2023"]
[White "Melikhov, Evgeny V."]
[Black "Reprintsev, Alexander"]
[WhiteFideId "4122046"]
[BlackFideId "14100541"]
[WhiteElo "2158"]
[BlackElo "2218"]
[Result "0-1"]
[Round "07"]
[TimeControl "180+2"]
[Date "2023.05.23"]
[WhiteClock "0:00:13"]
[BlackClock "0:01:16"]

1. d4 d5 2. c4 e5 3. dxe5 d4 4. Nf3 Nc6 5. g3 Nge7 6. Bg2 Ng6 7. Bg5 Qd7 8. O-O h6 9. Bc1 Be7 10. Nbd2 O-O 11. Nb3 Rd8 12. e3 d3 13. Nbd4 Ncxe5 14. Nxe5 Nxe5 15. b3 c5 16. Nf3 Nxf3+ 17. Qxf3 Bf6 18. Rb1 d2 19. Ba3 Qc7 20. Bb2 Bxb2 21. Rxb2 Qe5 22. Rc2 Bf5 23. e4 Bxe4 24. Qxe4 Qxe4 25. Bxe4 d1=Q 26. Rxd1 Rxd1+ 27. Kg2 Rd7 28. Bd5 Re8 29. f4 Ree7 30. Kf2 b6 31. Rd2 g6 32. h4 Kg7 33. Rc2 f5 34. Rd2 h5 35. Rc2 Rd8 36. Rd2 a5 37. Rb2 Rde8 38. a3 Re1 39. b4 Ra1 40. bxc5 bxc5 41. Rb7+ Kh6 42. Rc7 Ra2+ 43. Kf1 a4 44. Rxc5 Re3 45. Ra5 Rc3 46. Rxa4 Rc1# 0-1


[Site "https://www.chess.com"]

[Event "Titled Tuesday Blitz May 23 Early 2023"]
[White "Kopczynski, Michal"]
[Black "Yurasova, Daria"]
[WhiteFideId "1124200"]
[BlackFideId "34146919"]
[WhiteElo "2212"]
[BlackElo "2109"]
[Result "1-0"]
[Round "07"]
[TimeControl "180+2"]
[Date "2023.05.23"]
[WhiteClock "0:00:54"]
[BlackClock "0:00:12"]

1. e4 e5 2. Nf3 Nc6 3. Bb5 Nge7 4. O-O g6 5. c3 Bg7 6. d4 exd4 7. cxd4 O-O 8. d5 a6 9. Ba4 b5 10. Bc2 Nb4 11. Nc3 Nxc2 12. Qxc2 d6 13. Be3 Bb7 14. Qd2 Rc8 15. Bh6 c6 16. Bxg7 Kxg7 17. dxc6 Nxc6 18. Rad1 Ne5 19. Qxd6 Qxd6 20. Rxd6 Nc4 21. Rd7 Bc6 22. Ra7 b4 23. Nd5 Bb5 24. Rc1 Nxb2 25. Rxc8 Rxc8 26. h4 Nc4 27. Ng5 Be8 28. Ne6+ Kh8 29. Nec7 Bb5 30. Nxb4 Nd6 31. f3 Bc4 32. Ncxa6 Bxa2 33. Nxa2 Nb5 34. Rb7 1-0


[Site "https://www.chess.com"]

[Event "Titled Tuesday Blitz May 23 Early 2023"]
[White "Prieto Aranguren, Alain"]
[Black "Khamdamova, Afruza"]
[WhiteFideId "2268906"]
[BlackFideId "14210444"]
[WhiteElo "2209"]
[BlackElo "2312"]
[Result "1-0"]
[Round "07"]
[TimeControl "180+2"]
[Date "2023.05.23"]
[WhiteClock "0:02:11"]
[BlackClock "0:01:56"]

1. e4 e5 2. Nf3 Nf6 3. Bc4 Nxe4 4. Nc3 Nxc3 5. dxc3 f6 6. Nh4 g6 7. f4 d6 8. f5 g5 9. Qh5+ Kd7 10. Ng6 Qe8 11. Bf7 hxg6 12. Bxe8+ Kxe8 13. Qxh8 Bxf5 14. Qxf6 Be7 15. Qh8+ Bf8 16. Bxg5 Nd7 17. O-O Kf7 18. g4 1-0


[Site "https://www.chess.com"]

[Event "Titled Tuesday Blitz May 23 Early 2023"]
[White "Jovic, Stanoje"]
[Black "Goswami, Vedant"]
[WhiteFideId "905020"]
[BlackFideId "5003725"]
[WhiteElo "2236"]
[BlackElo "2011"]
[Result "0-1"]
[Round "07"]
[TimeControl "180+2"]
[Date "2023.05.23"]
[WhiteClock "0:00:57"]
[BlackClock "0:01:10"]

1. c4 d6 2. g3 Bd7 3. Bg2 Qc8 4. Nc3 g6 5. b4 Bg7 6. Bb2 h5 7. h4 Nh6 8. Qb3 Nc6 9. Nf3 O-O 10. b5 Ne5 11. Nxe5 Bxe5 12. Nd5 Re8 13. Bxe5 dxe5 14. Qc3 f6 15. a4 Nf5 16. Be4 c6 17. Bxf5 Bxf5 18. Ne3 Rd8 19. O-O Rd4 20. d3 Qd7 21. bxc6 bxc6 22. Rab1 Rd8 23. Rb2 e4 24. dxe4 Bxe4 25. Nd5 Qh3 26. Nf4 Qh1# 0-1


[Site "https://www.chess.com"]

[Event "Titled Tuesday Blitz May 23 Early 2023"]
[White "Topalov, Aleksandar"]
[Black "Rodchenkov, Sergey D."]
[WhiteFideId "925659"]
[BlackFideId "4168712"]
[WhiteElo "2151"]
[BlackElo "2277"]
[Result "0-1"]
[Round "07"]
[TimeControl "180+2"]
[Date "2023.05.23"]
[WhiteClock "0:00:02"]
[BlackClock "0:00:39"]

1. b3 Nf6 2. Bb2 d5 3. Nf3 Bg4 4. g3 c6 5. Bg2 Nbd7 6. O-O e6 7. d3 h6 8. Nbd2 Be7 9. c4 O-O 10. a3 a5 11. Ra2 Bf5 12. Qa1 Bh7 13. Bc3 Nc5 14. b4 Na4 15. Be5 Ne8 16. bxa5 f6 17. Bc3 Nxc3 18. Qxc3 Qxa5 19. Qxa5 Rxa5 20. Rb1 Nd6 21. Nd4 Rfa8 22. Nxe6 dxc4 23. Ne4 Bxe4 24. dxe4 Kf7 25. Nd4 Rxa3 26. Rxa3 Rxa3 27. f4 c3 28. e5 Nb5 29. Nxb5 cxb5 30. Bd5+ Ke8 31. e6 b4 32. Kf2 Bc5+ 33. Kg2 c2 34. Rc1 Rc3 35. Be4 b3 0-1


[Site "https://www.chess.com"]

[Event "Titled Tuesday Blitz May 23 Early 2023"]
[White "Dishman, Stephen"]
[Black "Castellanos Gomez, Alejandro"]
[WhiteFideId "403024"]
[BlackFideId "22284141"]
[WhiteElo "2204"]
[BlackElo "2158"]
[Result "0-1"]
[Round "07"]
[TimeControl "180+2"]
[Date "2023.05.23"]
[WhiteClock "0:00:12"]
[BlackClock "0:00:18"]

1. c4 e6 2. g3 d5 3. Nf3 Nf6 4. d4 Be7 5. Bg2 O-O 6. O-O c6 7. Qc2 Nbd7 8. Nbd2 b6 9. e4 dxe4 10. Nxe4 Bb7 11. Rd1 Rc8 12. Bf4 Nxe4 13. Qxe4 Nf6 14. Qe2 Bd6 15. Bxd6 Qxd6 16. Ne5 Rc7 17. a3 Nd7 18. b4 Qe7 19. c5 Nxe5 20. Qxe5 Rd8 21. Rac1 b5 22. f4 Rcd7 23. Rd2 Qf6 24. Rcd1 Qg6 25. Be4 Qf6 26. Kg2 Kf8 27. h4 Ke7 28. Bf3 g6 29. Be4 a6 30. Bf3 Qh8 31. h5 Qf6 32. h6 Rg8 33. g4 g5 34. f5 Rgd8 35. fxe6 Qxe5 36. exd7 Qf6 37. Be4 Kxd7 38. Bxh7 Qxh6 39. Bf5+ Kc7 40. Re1 Qf6 41. Rde2 Kb8 42. Re8 Qxd4 43. Rxd8+ Qxd8 44. Re3 Qd2+ 45. Kf3 Qd1+ 46. Ke4 Qh1+ 47. Ke5 Qd5+ 48. Kf6 Qd4+ 49. Re5 Bc8 50. Bxc8 Kxc8 51. Kf5 Qf4# 0-1


[Site "https://www.chess.com"]

[Event "Titled Tuesday Blitz May 23 Early 2023"]
[White "Theytookourjobs"]
[Black "Rios Escobar, Adan"]
[BlackFideId "3403645"]
[WhiteElo "2343"]
[BlackElo "2450"]
[Result "0-1"]
[Round "07"]
[TimeControl "180+2"]
[Date "2023.05.23"]
[WhiteClock "0:00:00"]
[BlackClock "0:00:03"]

1. d4 Nf6 2. Bf4 b6 3. e3 Bb7 4. h3 g6 5. Nf3 Bg7 6. Nbd2 d6 7. Be2 O-O 8. O-O Nbd7 9. c3 Ne4 10. Nxe4 Bxe4 11. Nd2 Bb7 12. Bf3 Qc8 13. Bxb7 Qxb7 14. Qf3 Rfb8 15. e4 b5 16. a3 a5 17. Rfe1 b4 18. axb4 axb4 19. Rxa8 Rxa8 20. e5 Qxf3 21. Nxf3 Nb6 22. exd6 exd6 23. Rc1 Nd5 24. Bd2 b3 25. c4 Nb6 26. c5 dxc5 27. Rxc5 Ra1+ 28. Kh2 Bf8 29. Rb5 Nc4 30. Bc3 Rf1 31. Rxb3 Bd6+ 32. Ne5 f6 33. f4 fxe5 34. fxe5 Be7 35. Rb7 Kf8 36. Rxc7 Ne3 37. Kg3 Rd1 38. Kf3 Nd5 39. Rb7 Nxc3 40. bxc3 Rd3+ 41. Ke4 Rxc3 0-1


[Site "https://www.chess.com"]

[Event "Titled Tuesday Blitz May 23 Early 2023"]
[White "Rottenwohrer Suarez, Juan"]
[Black "Doluhanova, Evgeniya"]
[WhiteFideId "32068182"]
[BlackFideId "14112035"]
[WhiteElo "2174"]
[BlackElo "2159"]
[Result "1-0"]
[Round "07"]
[TimeControl "180+2"]
[Date "2023.05.23"]
[WhiteClock "0:00:42"]
[BlackClock "0:00:03"]

1. d4 Nf6 2. c4 e6 3. Nc3 Bb4 4. Nf3 d5 5. Qa4+ Nc6 6. e3 O-O 7. a3 Bxc3+ 8. bxc3 Bd7 9. Qc2 Ne4 10. Bd3 f5 11. a4 Be8 12. Ba3 Rf6 13. cxd5 exd5 14. c4 Bf7 15. O-O Rg6 16. Rab1 Qf6 17. Rxb7 Re8 18. Rxc7 Nd8 19. cxd5 Bxd5 20. Bc4 Bxc4 21. Qxc4+ Ne6 22. Rc6 f4 23. d5 N4g5 24. Nxg5 Qxg5 25. g3 fxe3 26. Rxe6 exf2+ 27. Rxf2 Rb8 28. d6 Rb1+ 29. Kg2 1-0


[Site "https://www.chess.com"]

[Event "Titled Tuesday Blitz May 23 Early 2023"]
[White "KorolDimitriy75"]
[Black "Wimalasuriya, Kasun M."]
[BlackFideId "9906789"]
[WhiteElo "2441"]
[BlackElo "2294"]
[Result "0-1"]
[Round "07"]
[TimeControl "180+2"]
[Date "2023.05.23"]
[WhiteClock "0:00:11"]
[BlackClock "0:00:31"]

1. d4 Nf6 2. c4 e6 3. Nc3 Bb4 4. Qc2 d5 5. cxd5 exd5 6. Bg5 O-O 7. e3 c6 8. Bd3 h6 9. Bh4 Be7 10. Nge2 Re8 11. f3 Nbd7 12. O-O Nf8 13. Rad1 N6d7 14. Bf2 Bg5 15. e4 b6 16. exd5 cxd5 17. Nxd5 Bb7 18. Qb3 Nb8 19. Nec3 Nc6 20. a3 Ne6 21. Bb1 Na5 22. Qa2 Ba6 23. Rfe1 Bc4 24. b3 Bxb3 25. Qd2 Bxd2 26. Rxd2 Bxd5 0-1


[Site "https://www.chess.com"]

[Event "Titled Tuesday Blitz May 23 Early 2023"]
[White "Zacurdajev, Dmitry"]
[Black "Kuchava, Ana"]
[WhiteFideId "4196309"]
[BlackFideId "13605348"]
[WhiteElo "2240"]
[BlackElo "2001"]
[Result "0-1"]
[Round "07"]
[TimeControl "180+2"]
[Date "2023.05.23"]
[WhiteClock "0:01:32"]
[BlackClock "0:02:05"]

1. d4 d5 2. c4 e6 3. Nc3 Be7 4. Nf3 Nf6 5. Bf4 c5 6. dxc5 Bxc5 7. cxd5 Nxd5 8. Nxd5 exd5 9. a3 Nc6 10. g3 O-O 11. Bg2 Qf6 12. b4 Bb6 13. O-O h6 14. Qxd5 Be6 15. Qb5 Rad8 16. Rfd1 Bb3 17. Rd3 Qxa1+ 0-1


[Site "https://www.chess.com"]

[Event "Titled Tuesday Blitz May 23 Early 2023"]
[White "Vovk, Orest"]
[Black "Kielinkei"]
[WhiteFideId "14113490"]
[WhiteElo "2215"]
[BlackElo "2439"]
[Result "0-1"]
[Round "07"]
[TimeControl "180+2"]
[Date "2023.05.23"]
[WhiteClock "0:00:02"]
[BlackClock "0:00:09"]

1. h4 e5 2. h5 d5 3. h6 Nxh6 4. d4 e4 5. Bxh6 gxh6 6. e3 Be6 7. c4 c6 8. Nc3 Qb6 9. Qb3 Qxb3 10. axb3 a6 11. Nge2 Nd7 12. Nf4 Nf6 13. c5 h5 14. b4 Rb8 15. Nxh5 Nxh5 16. Rxh5 Be7 17. Be2 f6 18. g3 Kf7 19. Kd2 Kg6 20. Rah1 Ra8 21. Rh6+ Kg7 22. R6h4 f5 23. Rh6 Bf6 24. Bd1 Bf7 25. Ba4 Bg6 26. Ne2 Bg5 27. R6h2 h5 28. Nf4 Bxf4 29. exf4 Rh7 30. Ke3 Kf6 31. Bd1 a5 32. bxa5 Rxa5 33. Bxh5 Bxh5 34. Rxh5 Rxh5 35. Rxh5 Rb5 36. Rh6+ Kg7 37. Rd6 Rxb2 38. Rd7+ Kf6 39. Rc7 Rb3+ 40. Ke2 Rb4 41. Ke3 Rb3+ 42. Ke2 Rb4 43. Rd7 Rxd4 44. Rxb7 Rc4 45. Rd7 Rxc5 46. Rd6+ Ke7 47. Rh6 Rc2+ 48. Ke3 c5 49. Rh7+ Kf6 50. Rh6+ Kg7 51. Rd6 d4+ 0-1


[Site "https://www.chess.com"]

[Event "Titled Tuesday Blitz May 23 Early 2023"]
[White "Manukian, Artak"]
[Black "Larina, Maria"]
[WhiteFideId "13301373"]
[BlackFideId "24113182"]
[WhiteElo "2130"]
[BlackElo "1848"]
[Result "1-0"]
[Round "07"]
[TimeControl "180+2"]
[Date "2023.05.23"]
[WhiteClock "0:00:37"]
[BlackClock "0:00:11"]

1. e4 c6 2. d4 d5 3. e5 Bf5 4. c4 e6 5. Nc3 Nd7 6. Nf3 h6 7. Qb3 Qb6 8. c5 Qc7 9. Bf4 b6 10. cxb6 axb6 11. Rc1 Qb7 12. Be2 Ne7 13. O-O g5 14. Be3 Bg6 15. a3 Bg7 16. h4 g4 17. Nh2 h5 18. Rfd1 Nf5 19. Bg5 O-O 20. Nf1 Rfc8 21. Ne3 Nxe3 22. fxe3 f6 23. exf6 Nxf6 24. Bd3 Qf7 25. Qc2 Bxd3 26. Qxd3 c5 27. Nb5 Ne4 28. Rf1 Qd7 29. Nc3 Nxg5 30. hxg5 Rf8 31. dxc5 bxc5 32. Qg6 Qe8 33. Rxf8+ Kxf8 34. Qh7 Ra7 35. g6 Bxc3 36. Qxa7 Bxb2 37. Rf1+ Kg8 38. Qh7# 1-0


[Site "https://www.chess.com"]

[Event "Titled Tuesday Blitz May 23 Early 2023"]
[White "Simonovic, Miroslav"]
[Black "Torres Dominguez, David"]
[WhiteFideId "919152"]
[BlackFideId "2220857"]
[WhiteElo "2042"]
[BlackElo "1999"]
[Result "1-0"]
[Round "07"]
[TimeControl "180+2"]
[Date "2023.05.23"]
[WhiteClock "0:00:12"]
[BlackClock "0:00:00"]

1. d4 e5 2. d5 Bc5 3. e3 d6 4. c4 f5 5. Nc3 a5 6. g3 Nf6 7. Bg2 O-O 8. Nge2 Bd7 9. a3 Na6 10. Rb1 Qe8 11. Qc2 a4 12. Bd2 Kh8 13. Na2 Qh5 14. Nb4 Ne4 15. Nxa6 Rxa6 16. Bb4 Bb6 17. Nc3 Ng5 18. Qe2 Qh6 19. h4 Nf7 20. O-O e4 21. Nd1 Ne5 22. Bc3 Ng4 23. Bd4 Bxd4 24. exd4 Qf6 25. Ne3 Nxe3 26. fxe3 Qg6 27. Kh2 Rb6 28. Bxe4 Rb3 29. Bc2 Rb6 30. e4 Ra6 31. e5 Raa8 32. e6 Be8 33. Qd3 Qh6 34. Rxf5 Bg6 35. Rxf8+ Rxf8 36. Rf1 Re8 37. Qf3 1-0


[Site "https://www.chess.com"]

[Event "Titled Tuesday Blitz May 23 Early 2023"]
[White "Ciuffoletti, Paolo"]
[Black "Sadubayev, Airat"]
[WhiteFideId "807630"]
[BlackFideId "13713264"]
[WhiteElo "2143"]
[BlackElo "2157"]
[Result "1-0"]
[Round "07"]
[TimeControl "180+2"]
[Date "2023.05.23"]
[WhiteClock "0:00:13"]
[BlackClock "0:00:39"]

1. e4 c6 2. d4 d5 3. exd5 cxd5 4. c4 Nc6 5. Nf3 Nf6 6. Nc3 Bg4 7. cxd5 Nxd5 8. Qb3 Nxc3 9. bxc3 Qd7 10. d5 Na5 11. Bb5 Nxb3 12. Bxd7+ Bxd7 13. axb3 g6 14. Be3 Bg7 15. Bd4 O-O 16. O-O a6 17. Bxg7 Kxg7 18. Rfe1 Rfe8 19. Ne5 Bf5 20. c4 f6 21. Nf3 e5 22. dxe6 Bxe6 23. Nd4 Bd7 24. Kf1 Rad8 25. Rxe8 Rxe8 26. Re1 Kf7 27. Rxe8 Bxe8 28. Ke2 Ke7 29. Kd3 Kd6 30. b4 Bf7 31. f4 g5 32. fxg5 fxg5 33. g3 h5 34. Nf3 g4 35. Ng5 Bg6+ 36. Kd4 b6 37. Ne4+ Bxe4 38. Kxe4 a5 39. c5+ bxc5 40. bxa5 Kc7 41. Kd5 Kb7 42. Kxc5 Ka6 43. Kd5 Kxa5 44. Ke5 Kb5 45. Kf5 Kc5 46. Kg5 Kd5 47. Kxh5 Ke5 48. Kxg4 Kf6 49. h4 Kg7 50. h5 Kh8 51. Kg5 Kg8 52. Kg6 Kh8 53. g4 Kg8 54. g5 Kh8 55. Kf7 Kh7 56. g6+ Kh6 57. g7 Kxh5 58. g8=Q Kh6 59. Qg4 Kh7 60. Qg7# 1-0


[Site "https://www.chess.com"]